 Dungeon Crawl Stone Soup version 0.27.0-1-g7a089689b8 (webtiles) character file.

Game seed: 17101260103642877294

7 Sin92 the Skirmisher (level 1, -2/18 HPs)
             Began as a Demonspawn Fighter on Aug 2, 2021.
             Slain by a kobold (5 damage)
             ... on level 1 of the Dungeon.
             The game lasted 00:00:19 (59 turns).

Sin92 the Skirmisher (Demonspawn Fighter)             Turns: 59, Time: 00:00:19

Health: -2/18      AC:  6    Str: 16    XL:     1   Next: 91%
Magic:  1/1        EV:  7    Int:  9    God:
Gold:   0          SH:  8    Dex: 12    Spells: 0/0 levels left

rFire    . . .     SeeInvis .   a - +0 flail
rCold    . . .     Faith    .   c - +0 kite shield
rNeg     . . .     Spirit   .   b - +0 scale mail
rPois    .         Reflect  .   (no helmet)
rElec    .         Harm     .   (no cloak)
rCorr    .         Rampage  .   (no gloves)
Will     .....                  (no boots)
Stlth    ..........             (no amulet)
HPRegen  0.06/turn              (no ring)
MPRegen  0.07/turn              (no ring)

@: no status effects
A: no striking features
a: no special abilities


You were on level 1 of the Dungeon.
You visited 1 branch of the dungeon, and saw 1 of its levels.

Inventory:

Hand Weapons
 a - a +0 flail (weapon)
Armour
 b - a +0 scale mail (worn)
 c - a +0 kite shield (worn)
Potions
 d - a potion of might
 e - a potion of invisibility {unknown}


   Skills:
 + Level 3.0 Fighting
 * Level 2.0 Maces & Flails
 + Level 2.8 Armour
 + Level 0.3 Dodging
 + Level 2.7 Shields


You couldn't memorise any spells.
You didn't know any spells.
Your spell library contained the following spells:

 Spells                   Type           Power      Damage    Failure   Level
 Corona                   Hex            0%         N/A       100%        1
 Ensorcelled Hibernation  Hex/Ice        0%         N/A       100%        2
 Tukima's Dance           Hex            0%         N/A       100%        3


Dungeon Overview and Level Annotations

Branches:
Dungeon (1/15)

Altars:


Message History

You are too injured to fight recklessly!
Unknown command.
There are monsters nearby!
You are too injured to fight recklessly!
Unknown command.
There are monsters nearby!
You are too injured to fight recklessly!
You are too injured to fight recklessly!
Unknown command.
There are monsters nearby!
The jackal bites you but does no damage.
You hit the jackal.
You kill the jackal!
You block the jackal's attack.
You closely miss the jackal. The jackal bites you.
The jackal bites you but does no damage.
You closely miss the jackal. You block the jackal's attack.
The jackal barely misses you.
You closely miss the jackal. The jackal closely misses you.
The jackal bites you but does no damage.
You closely miss the jackal.
The jackal bites you but does no damage. x2
You thump the jackal!
You kill the jackal!
Your Maces & Flails skill increases to level 2!
You thump the goblin!
You kill the goblin!
You block the kobold's attack.
You closely miss the kobold. You block the kobold's attack.
You barely miss the kobold. You block the kobold's attack.
The kobold hits you but does no damage.
You closely miss the kobold. The kobold barely misses you.
You closely miss the kobold. The kobold hits you with a +0 whip.
You block the kobold's attack.
You closely miss the kobold. The kobold hits you with a +0 whip.
You hit the kobold but do no damage. You block the kobold's attack.
The kobold hits you with a +0 whip.
* * * LOW HITPOINT WARNING * * *
You completely miss the kobold. The kobold hits you with a +0 whip.
You die...

. .. #g ##. ...
..## #... #..#
....g#..#
........#
#.#######+######
#K##....(......#
#@##...........#
#.##...........#
#.##...........#
#.##...........#
#.##.....<.....#
#.##...........#
#.##...........#
#.##...........#
#.##...........#


You could see a kobold.

Vanquished Creatures
  A goblin (D:1)
  4 jackals (D:1)
  A ball python (D:1)
6 creatures vanquished.

Notes
Turn   | Place    | Note
-------+----------+-------------------------------------------
     0 | D:1      | Sin92 the Demonspawn Fighter began the quest for the Orb.
     0 | D:1      | Reached XP level 1. HP: 18/18 MP: 1/1
    59 | D:1      | Slain by a kobold

Illustrated notes

Levels and vault maps discovered:
D:1:      psy_arrival_statuary, layout_basic,
          shapermc_ecumenical_altar_totnotflames

Skill      XL: |  1 |
---------------+----+-----
Maces & Flails | 2 |  2.0
Fighting       | |  3.0
Armour         | |  2.8
Dodging        | |  0.3
Shields        | |  2.7

Action                   || total
-------------------------++-------
Melee: Flail             ||    22
Armor: Scale mail        ||    19
Dodge: Dodged            ||     5
Block: Kite shield       ||    12
